 Dungeon Crawl Stone Soup version 0.24.0-13-gcf9b3192b9 (webtiles) character file.

Game seed: 11543860285284150222, levelgen mode: deterministic

1138 Matador8 the Spear-Bearer (level 8, -10/67 HPs)
             Began as a Naga Gladiator on Nov 7, 2019.
             Was an Initiate of Cheibriados.
             Mangled by Prince Ribbit (14 damage)
             ... on level 5 of the Dungeon.
             The game lasted 00:34:12 (5489 turns).

Matador8 the Spear-Bearer (Naga Gladiator)          Turns: 5489, Time: 00:34:12

Health: -10/67     AC:  5    Str: 19    XL:     8   Next: 37%
Magic:  9/9        EV: 10    Int:  9    God:    Cheibriados [......]
Gold:   226        SH:  4    Dex: 15    Spells: 7/7 levels left

rFire    . . .     SeeInvis +   a - +0 trident
rCold    . . .     Gourm    .   D - +0 buckler
rNeg     . . .     Faith    .   g - +0 leather armour
rPois    +         Spirit   .   c - +0 helmet
rElec    .         Reflect  .   (no cloak)
rCorr    .         Harm     .   (no gloves)
MR       +....                  (no barding)
Stlth    +++.......             (no amulet)
HPRegen  0.21/turn              (no ring)
MPRegen  0.11/turn              (no ring)

@: studying Stealth, very slow
A: large, see invisible, deformed body, poison resistance, slowness 2, slow
metabolism 1, spit poison 1, AC +2
a: Spit Poison, Bend Time, Renounce Religion


You were on level 5 of the Dungeon.
You worshipped Cheibriados.
Cheibriados was noncommittal.
You were hungry.

You visited 1 branch of the dungeon, and saw 5 of its levels.

You collected 226 gold pieces.

Inventory:

Hand Weapons
 a - a +0 trident (weapon)
 b - a +0 hunting sling
 F - a cursed +0 hand crossbow
Missiles
 d - a throwing net
 h - 114 stones (quivered)
 l - 38 sling bullets
Armour
 c - a +0 helmet (worn)
 e - a +0 ring mail
 g - a +0 leather armour (worn)
 D - a +0 buckler (worn)
Jewellery
 x - an uncursed ring of flight {unknown}
 E - a cursed ring of attention {unknown}
Wands
 i - a wand of polymorph (9)
 u - a wand of enslavement (12)
Scrolls
 k - 2 scrolls of fear {unknown}
 n - a scroll of noise {unknown}
 o - 2 scrolls of identify {unknown}
 p - 3 scrolls of teleportation
 r - a scroll of immolation {unknown}
 w - 2 scrolls of remove curse {unknown}
 y - a scroll of fog {unknown}
 A - 2 scrolls of magic mapping {unknown}
 B - a scroll of random uselessness {unknown}
 C - a scroll of blinking {unknown}
Potions
 j - 2 potions of degeneration {unknown}
 m - a potion of agility {unknown}
 s - 2 potions of curing {unknown}
 t - 2 potions of lignification {unknown}
 v - a potion of cancellation {unknown}
 z - a potion of ambrosia {unknown}
 G - a potion of might {unknown}
Books
 q - a manual of Stealth
Comestibles
 f - 9 rations


   Skills:
 - Level 2.0 Fighting
 * Level 8.5 Polearms
 - Level 2.1 Throwing
 - Level 2.4 Dodging
 - Level 5.2 Stealth
 - Level 2.5 Shields
 + Level 2.1 Invocations


You had 7 spell levels left.
You didn't know any spells.
Your spell library contained the following spells:

 Spells                   Type           Power        Failure   Level  Hunger
 Beastly Appendage        Tmut           #.....       43%         1    ##.....
 Corona                   Hex            #......      43%         1    ##.....
 Ensorcelled Hibernation  Hex/Ice        #.....       58%         2    ###....
 Sticks to Snakes         Tmut           #.......     58%         2    ###....
 Confuse                  Hex            #.......     82%         3    ####...
 Dazzling Spray           Conj/Hex       #.....       82%         3    ####...
 Spider Form              Tmut/Pois      #.........   82%         3    ####...
 Tukima's Dance           Hex            #.......     82%         3    ####...
 Ice Form                 Ice/Tmut       #.......     99%         4    #####..
 Blade Hands              Tmut           #.........   100%        5    ######.


Dungeon Overview and Level Annotations

Branches:
Dungeon (5/15)
 Temple: D:4-7

Altars:
Cheibriados
Fedhas

Annotations:
D:4 2 transporters, mopl's ghost, amateur MfMo
D:5 Duvessa; Prince Ribbit


Innate Abilities, Weirdness & Mutations

You cannot wear boots.
Your serpentine skin is tough. (AC +2)
You have supernaturally acute eyesight. (SInv)
Armour fits poorly on your strangely shaped body.
Your system is resistant to poisons. (rPois)
You cover ground very slowly.
You have a slow metabolism.
You can spit poison.


Message History

You closely miss Prince Ribbit.
Prince Ribbit is moderately wounded.
You block Prince Ribbit's attack.
Prince Ribbit blinks!
You hit Prince Ribbit.
Prince Ribbit is heavily wounded.
Prince Ribbit hits you!!
* * * LOW HITPOINT WARNING * * *
You hit Prince Ribbit.
Prince Ribbit is severely wounded.
Prince Ribbit closely misses you.
You barely miss Prince Ribbit.
Prince Ribbit is severely wounded.
Prince Ribbit hits you!
* * * LOW HITPOINT WARNING * * *
Okay, then.
You fail to use your ability.
You have got your breath back.
Prince Ribbit casts a spell.
Prince Ribbit looks slightly unstable.
Prince Ribbit hits you!
You die...

####.............
......#####.#.###
#.c.......#.##.
#.....##..#.##.
#.........#....
#.........#..#.
#.........#..#.
########...####..#..##
##(...@F(.........#....
#..##.##..#.#####.#.###
#.##...##.........#....
#.#..##.#.#.#######.###
#...........##########.
#.#.##..#........<.....
#.##...##.####......###
##..##.##..# #......# #
#.........## #......###


You could see Prince Ribbit.

Vanquished Creatures
  2 phantoms
  3 centaurs (D:5)
  An ogre (D:5)
  A howler monkey (D:5)
  A crimson imp (D:5)
  A bullfrog zombie (D:5)
  A hound (D:4)
  An orc priest (D:5)
  An orc wizard (D:5)
  2 bullfrog skeletons
  Jessica (D:3)
  2 centaur skeletons (D:4)
  An iguana (D:4)
  3 worker ants (D:5)
  Robin (D:2)
  7 adders
  3 oozes
  An adder skeleton (D:4)
  5 worms
  4 dart slugs
  3 leopard geckos
  8 orcs
  8 bats
  5 giant cockroaches
  17 goblins
  11 hobgoblins
  6 jackals
  11 kobolds
  2 quokkas
  A ball python (D:1)
  4 frilled lizards
  10 rats
128 creatures vanquished.

Notes
Turn   | Place    | Note
-------+----------+-------------------------------------------
     0 | D:1      | Matador8 the Naga Gladiator began the quest for the Orb.
     0 | D:1      | Reached XP level 1. HP: 19/19 MP: 1/1
    58 | D:1      | Reached XP level 2. HP: 6/26 MP: 2/2
   532 | D:1      | Reached skill level 1 in Stealth
   722 | D:1      | Reached XP level 3. HP: 32/32 MP: 3/3
   849 | D:1      | Reached skill level 4 in Polearms
  1244 | D:2      | Found a blossoming altar of Fedhas.
  1261 | D:2      | Reached XP level 4. HP: 37/39 MP: 4/4
  1296 | D:2      | Noticed Robin
  1333 | D:2      | Killed Robin
  1616 | D:2      | Reached XP level 5. HP: 25/45 MP: 5/5
  1888 | D:2      | Reached skill level 5 in Polearms
  2586 | D:3      | Noticed Jessica
  2609 | D:3      | Killed Jessica
  2923 | D:4      | Found a transporter.
  2923 | D:4      | Noticed mopl's ghost (amateur MfMo)
  2928 | D:4      | Found a transporter.
  2938 | D:4      | Noticed an orc warrior
  2993 | D:4      | Reached XP level 6. HP: 34/52 MP: 6/6
  3167 | D:4      | Noticed a phantom
  3206 | D:4      | Killed a phantom
  3206 | D:4      | Reached skill level 6 in Polearms
  3206 | D:4      | Reached skill level 5 in Stealth
  3571 | D:4      | Reached XP level 7. HP: 57/60 MP: 7/7
  3961 | D:5      | Entered Level 5 of the Dungeon
  4062 | D:5      | Reached skill level 7 in Polearms
  4079 | D:5      | Reached skill level 1 in Shields
  4391 | D:5      | Found a snail-covered altar of Cheibriados.
  4407 | D:5      | Became a worshipper of Cheibriados the Contemplative
  4457 | D:5      | Noticed Duvessa
  4578 | D:5      | Noticed Prince Ribbit
  4945 | D:5      | Reached XP level 8. HP: 43/67 MP: 8/8
  5164 | D:5      | Reached skill level 8 in Polearms
  5204 | D:5      | Reached skill level 1 in Invocations
  5489 | D:5      | Mangled by Prince Ribbit

Levels and vault maps discovered:
D:1:      wander_arrival_estate, layout_loops_ring
D:2:      layout_rooms, fedhas_altar_1, first_ration, uniq_robin
D:3:      layout_loops_cross, uniq_jessica
D:4:      layout_loops_ring, gammafunk_ghost_arena
D:5:      layout_basic, lemuel_doored_altar, minmay_manual_mares,
          uniq_crazy_yiuf_cottage, uniq_prince_ribbit1, uniq_duvessa

Skill      XL: |  1  2  3  4  5  6  7  8 |
---------------+-------------------------+-----
Throwing       | 2 |  2.1
Stealth        | 1 2 3 4 5 |  5.2
Polearms       | 4 5 6 7 8 |  8.5
Shields        | 2 |  2.5
Invocations    | 2 |  2.1
Fighting       | |  2.0
Dodging        | |  2.4

Action                   |  1- 3 |  4- 6 |  7- 9 || total
-------------------------+-------+-------+-------++-------
Melee: Trident           |   123 |   225 |   177 ||   525
 Fire: Hunting sling     |       |     7 |       ||     7
Throw: Throwing net      |       |     3 |     1 ||     4
       Stone             |       |       |     1 ||     1
Invok: Bend Time         |       |       |     1 ||     1
 Abil: Spit Poison       |     2 |     7 |    17 ||    26
  Use: Potion            |       |     1 |     1 ||     2
       Scroll            |       |       |     1 ||     1
 Stab: Sleeping          |     1 |    10 |     3 ||    14
  Eat: Chunk             |       |     6 |     4 ||    10
       Ration            |       |       |     1 ||     1
Armor: Leather armour    |    35 |    31 |    25 ||    91
Dodge: Dodged            |    51 |    82 |    68 ||   201
Block: Buckler           |       |       |    16 ||    16
